Map: Zen LE

Players

TSGSolar (Solar) - Winner!

  • Race: Zerg Zerg
  • Spawn Location: 7:00

Reynor

  • Race: Zerg Zerg
  • Spawn Location: 1:00

Event: StayAtHomestory Cup #1

VOD

Have the link to the VOD?

Description

Time

  • Played on: April 11, 2020, 1:31 p.m.
  • Length: 10:39

All games in this series

Show
View Real Time Build Order
Export as new Build Order

TSGSolar Zerg - Winner!

Build Orders: Hatch First 

Get SALT Encoding   

  12  0:01  Drone  
  13  0:13  Overlord  
  13  0:17  Drone  
  14  0:31  Drone x2  
  16  0:48  Hatchery  
  15  0:51  Drone  
  15  0:55  Drone  
  17  0:58  Drone  
  18  1:09  Extractor  
  17  1:13  Spawning Pool  
  17  1:17  Drone  
  17  1:21  Drone  
  18  1:29  Drone  
  19  1:40  Drone  
  20  1:54  Overlord  
  20  2:01  Queen x2  
  22  2:02  Drone x2  
  26  2:11  Drone x2  
  26  2:12  Metabolic Boost  
  28  2:23  Drone x2  
  30  2:34  Hatchery  
  30  2:36  Zergling x2  
  30  2:39  Drone  
  31  2:44  Baneling Nest  
  31  2:46  Drone  
  31  2:51  Overlord  
  31  2:55  Zergling x2  
  31  2:57  Drone  
  33  3:10  Zergling x6  
  36  3:16  Overlord  
  36  3:18  Overlord  
  36  3:29  Evolution Chamber  
  36  3:30  Drone  
  36  3:34  Queen  
  36  3:36  Drone x5  
  42  3:42  Zergling x2  
  42  3:43  Drone x3  
  42  3:46  Drone  
  47  3:50  Drone  
  47  3:54  Drone  
  49  3:59  Drone  
  49  4:00  Zergling x2, Extractor  
  50  4:03  Baneling x2  
  50  4:08  Roach Warren  
  50  4:10  Drone  
  50  4:13  Zergling x4  
  50  4:16  Lair  
  53  4:17  Overlord  
  53  4:18  Drone  
  53  4:19  Drone  
  53  4:20  Drone x2  
  57  4:26  Roach Warren  
  57  4:28  Drone  
  57  4:31  Overlord  
  57  4:32  Overlord  
  57  4:35  Zerg Melee Weapons Level 1  
  57  4:37  Drone  
  58  4:41  Drone  
  58  4:42  Drone x3  
  58  4:45  Drone  
  63  4:47  Drone x2  
  63  4:50  Drone  
  63  4:52  Drone x2  
  68  4:55  Extractor x2, Drone x2  
  68  4:58  Zergling x4  
  70  5:01  Drone x2  
  70  5:03  Drone  
  70  5:06  Drone  
  73  5:09  Extractor, Drone  
  73  5:10  Extractor  
  72  5:15  Spire, Drone x2  
  72  5:21  Drone x4  
  77  5:23  Overlord  
  77  5:25  Drone x3  
  80  5:28  Zergling x2  
  80  5:30  Overlord  
  80  5:32  Overlord  
  81  5:36  Overlord  
  81  5:45  Zergling x2  
  81  5:46  Zergling x8  
  86  5:50  Overlord  
  86  5:52  Drone  
  86  5:54  Zergling x2  
  88  5:57  Zergling x8  
  88  5:58  Zergling x2, Hatchery  
  88  6:02  Drone  
  88  6:03  Drone  
  94  6:04  Drone  
  94  6:06  Drone  
  94  6:08  Overlord  
  96  6:14  Drone  
  97  6:19  Extractor, Overlord  
  97  6:22  Extractor  
  94  6:28  Mutalisk x8  
  94  6:31  Zerg Flyer Weapons Level 1  
  108  6:32  Mutalisk  
  108  6:35  Mutalisk  
  108  6:38  Mutalisk  
  114  6:42  Overlord  
  114  6:43  Mutalisk  
  114  6:49  Mutalisk  
  114  6:51  Zergling x6  
  117  6:56  Overlord  
  117  6:57  Mutalisk  
  117  6:58  Mutalisk  
  122  7:01  Drone x2  
  122  7:04  Mutalisk  
  122  7:08  Zergling x12  
  131  7:15  Mutalisk  
  132  7:16  Overlord  
  132  7:18  Overlord  
  132  7:21  Queen  
  132  7:22  Mutalisk x2  
  128  7:24  Overlord  
  128  7:25  Queen  
  128  7:27  Mutalisk  
  128  7:29  Zergling x4  
  128  7:30  Zergling x2  
  128  7:33  Mutalisk  
  123  7:41  Mutalisk x2  
  123  7:43  Zergling x10  
  124  7:46  Queen  
  124  7:49  Mutalisk  
  126  7:51  Zergling x6  
  126  7:54  Mutalisk  
  126  7:57  Zergling x6  
  123  8:00  Mutalisk  
  123  8:07  Mutalisk x2  
  123  8:11  Mutalisk  
  122  8:15  Zergling x6  
  122  8:18  Drone  
  122  8:19  Queen  
  127  8:23  Mutalisk x2  
  130  8:29  Zergling x4  
  130  8:34  Mutalisk  
  132  8:37  Mutalisk  
  132  8:39  Zergling x4  
  138  8:46  Mutalisk x2  
  138  8:48  Zergling x12  
  148  8:53  Mutalisk  
  148  8:55  Overlord  
  150  8:58  Mutalisk  
  150  9:00  Overlord  
  150  9:05  Mutalisk x2  
  150  9:08  Overlord  
  149  9:10  Zergling x6  
  149  9:15  Mutalisk  
  143  9:21  Mutalisk x2  
  143  9:23  Zergling x8  
  151  9:27  Mutalisk  
  151  9:29  Mutalisk  
  151  9:31  Zergling x4  
  155  9:36  Mutalisk  
  155  9:40  Mutalisk  
  155  9:41  Mutalisk  
  155  9:44  Zergling x2  
  159  9:49  Zergling x2  
  158  9:53  Drone x3  
  158  9:56  Mutalisk  
  158  9:58  Zergling x10  
  165  10:01  Mutalisk  
  165  10:03  Mutalisk  
  165  10:05  Drone x2  
  165  10:06  Hatchery, Drone  
  171  10:12  Mutalisk x2  
  169  10:14  Overlord  
  157  10:21  Zergling x10  
Show
View Real Time Build Order
Export as new Build Order

Reynor Zerg 

Build Orders: Hatch First 

Get SALT Encoding   

  12  0:00  Drone  
  13  0:12  Overlord  
  13  0:17  Drone  
  14  0:31  Drone x2  
  16  0:48  Hatchery  
  15  0:52  Drone  
  15  0:56  Drone  
  17  0:59  Drone  
  18  1:10  Extractor  
  17  1:15  Spawning Pool  
  17  1:18  Drone  
  17  1:20  Drone  
  18  1:28  Drone  
  19  1:39  Drone  
  20  1:50  Drone  
  21  2:00  Overlord  
  21  2:01  Queen x2  
  21  2:02  Zergling x2  
  26  2:11  Metabolic Boost  
  26  2:12  Drone x2  
  28  2:22  Drone x2  
  30  2:34  Hatchery  
  29  2:37  Drone  
  29  2:40  Drone  
  29  2:44  Drone  
  32  2:45  Drone  
  33  2:55  Overlord  
  33  2:56  Baneling Nest  
  33  2:58  Drone  
  33  3:05  Overlord  
  33  3:14  Drone  
  33  3:17  Drone x2  
  33  3:19  Zergling x2, Evolution Chamber  
  36  3:20  Overlord  
  36  3:24  Drone  
  36  3:25  Zergling x4  
  39  3:29  Zergling x2  
  39  3:31  Queen  
  42  3:36  Zergling x2  
  43  3:41  Baneling  
  43  3:43  Zergling x2  
  43  3:44  Drone x2  
  43  3:47  Drone x3  
  48  3:52  Lair  
  48  3:53  Drone  
  48  3:55  Extractor  
  48  3:56  Drone  
  48  3:57  Drone  
  48  4:01  Drone x2  
  52  4:04  Drone  
  52  4:08  Drone  
  52  4:09  Drone  
  55  4:15  Overlord  
  55  4:17  Drone x3  
  55  4:19  Extractor, Zerg Missile Weapons Level 1  
  55  4:23  Drone  
  58  4:25  Extractor  
  58  4:27  Drone  
  58  4:29  Overlord  
  57  4:32  Overlord  
  57  4:35  Drone  
  57  4:36  Drone, Roach Warren  
  58  4:38  Drone  
  58  4:40  Drone x2  
  58  4:44  Drone x2  
  63  4:48  Drone  
  63  4:49  Drone  
  63  4:50  Drone  
  66  4:54  Spire  
  66  4:59  Zergling x4  
  68  5:00  Zergling x2  
  68  5:04  Drone x3  
  68  5:06  Overlord  
  71  5:11  Drone x2  
  71  5:13  Extractor  
  72  5:14  Extractor  
  72  5:18  Baneling  
  72  5:19  Glial Reconstitution, Drone x3  
  74  5:21  Overlord  
  74  5:23  Drone x3  
  74  5:26  Drone  
  78  5:29  Drone x3  
  78  5:33  Overlord  
  81  5:36  Drone  
  82  5:49  Overlord  
  81  6:04  Hatchery  
  81  6:06  Corruptor x7  
  94  6:13  Roach x2  
  94  6:14  Roach x3  
  94  6:18  Roach x2, Baneling  
  104  6:20  Corruptor  
  104  6:24  Roach  
  112  6:28  Corruptor  
  112  6:30  Overlord x2  
  113  6:38  Overlord  
  113  6:46  Overlord  
  113  6:50  Evolution Chamber  
  113  6:51  Corruptor x4  
  113  6:53  Roach  
  122  6:56  Zergling x6, Roach  
  122  7:00  Roach  
  126  7:07  Roach x6  
  138  7:12  Overlord  
  138  7:16  Roach  
  138  7:19  Hatchery, Baneling x2  
  138  7:23  Roach x3  
  136  7:32  Corruptor x2  
  136  7:36  Roach x5  
  136  7:37  Zergling x2  
  132  7:43  Roach x5  
  135  7:47  Zergling x2, Roach  
  138  7:53  Corruptor  
  136  8:00  Roach x2  
  136  8:01  Corruptor  
  136  8:04  Zergling x8, Roach  
  142  8:06  Roach  
  142  8:10  Corruptor  
  132  8:14  Roach  
  132  8:15  Roach x2  
  131  8:21  Corruptor, Queen  
  131  8:26  Corruptor  
  135  8:29  Zergling x2, Roach  
  135  8:30  Zergling x4  
  135  8:34  Corruptor  
  138  8:41  Corruptor  
  135  8:46  Spore Crawler, Drone x2  
  135  8:47  Corruptor, Spore Crawler  
  130  8:51  Spore Crawler  
  130  8:52  Corruptor  
  129  8:56  Roach x2  
  129  9:06  Pneumatized Carapace  
  129  9:09  Overlord  
  122  9:11  Corruptor  
  122  9:14  Corruptor  
  116  9:17  Roach x2  
  116  9:22  Roach x2  
  116  9:23  Roach  
  120  9:25  Drone  
  120  9:26  Spore Crawler  
  120  9:29  Spore Crawler  
  120  9:31  Corruptor  
  117  9:33  Roach x3  
  117  9:34  Queen  
  117  9:36  Roach  
  117  9:37  Roach x2  
  131  9:41  Spore Crawler  
  131  9:43  Spore Crawler  
  131  9:44  Overlord  
  119  9:54  Corruptor x2  
  119  9:58  Corruptor  
  115  10:02  Drone x3  
  115  10:04  Spore Crawler, Drone  
  113  10:29  Infestation Pit  
Tags
 
Add a new tag
Caveats
  • Supply blocks, unpowered buildings, or Contaminate may cause inaccurate times.
  • Supply counts are checked every 10 seconds.